 Dungeon Crawl Stone Soup version 0.25-a0-292-gaa31f046c4 (webtiles) character file.

Game seed: 6491780505530818551, levelgen mode: classic

275195 Borgoz the Bludgeoner (level 20, -3/144 HPs)
             Began as a Gargoyle Fighter on Dec 15, 2019.
             Was the Champion of Okawaru.
             Slain by a +0 trident of distortion (13 damage)
             ... on level 2 of the Elven Halls.
             The game lasted 01:47:01 (35543 turns).

Borgoz the Bludgeoner (Gargoyle Fighter)           Turns: 35543, Time: 01:47:02

Health: -3/144     AC: 39    Str: 25    XL:     20   Next: 33%
Magic:  0/32       EV: 21    Int: 22    God:    Okawaru [******]
Gold:   1779       SH:  2    Dex: 13    Spells: 20/26 levels left

rFire    + + +     SeeInvis +   a - +7 great mace "Firestarter" {inner flame, rF++}
rCold    + . .     Gourm    .   (shield currently unavailable)
rNeg     + + +     Faith    .   d - +4 moon troll leather armour {Spirit, Regen++ MP+5}
rPois    ∞         Spirit   +   k - +2 helmet of Hepliaklqana's Favour {rF+ rN+ Int+3}
rElec    +         Reflect  +   t - +2 cloak {MR+}
rCorr    +         Harm     .   M - +1 pair of gloves "Taezounu" {MR++}
MR       ++++.                  i - +0 pair of boots of the Hart {*Contam rN+ rCorr Int+7}
Stlth    +++.......             E - amulet of Qyril {Reflect +Inv rN+ SH+2}
HPRegen  1.14/turn              o - ring of Luraadac {Int+3 SInv}
MPRegen  0.23/turn              s - ring of protection from cold

@: flying
A: big wings, fangs 1, icy blue scales 1, negative energy resistance 1, robust
1, electricity resistance, unbreathing, petrification resistance, rot immunity,
AC +15
}: 2/15 runes: decaying, gossamer
a: Stop Flying, Heroism, Finesse, Renounce Religion, Evoke Invisibility


You were on level 2 of the Elven Halls.
You worshipped Okawaru.
Okawaru was exalted by your worship.
You were hungry.

You visited 7 branches of the dungeon, and saw 34 of its levels.
You visited the Abyss 1 time.
You also visited: Gauntlet and Volcano.

You collected 4479 gold pieces.
You spent 2700 gold pieces at shops.

Inventory:

Hand Weapons
 a - the +7 great mace "Firestarter" (weapon) {inner flame, rF++}
   (Okawaru gifted it to you in a Gauntlet)

   It has been specially enchanted to burn those struck by it, causing extra
   injury to most foes and up to half again as much damage against particularly
   susceptible opponents.
   It greatly protects you from fire.
 b - the +6 eveningstar "Hiunyuf" {crush, *Rage rPois rN+ Dex+7}
   (Okawaru gifted it to you on level 11 of the Dungeon)

   It inflicts extra damage upon your enemies.
   It affects your dexterity (+7).
   It protects you from poison.
   It protects you from negative energy.
   It may make you go berserk in combat.
Missiles
 w - 2 throwing nets (quivered)
Armour
 d - the +4 moon troll leather armour (worn) {Spirit, Regen++ MP+5}
   (You found it on level 5 of the Dungeon)

   It affects your magic capacity (+5).
   It increases your rate of regeneration.
 i - the +0 pair of boots of the Hart (worn) {*Contam rN+ rCorr Int+7}
   (Okawaru gifted it to you on level 2 of the Orcish Mines)

   It affects your intelligence (+7).
   It protects you from negative energy.
   It causes magical contamination when unequipped.
   It provides partial protection from all sources of acid and corrosion.
 j - the +1 ring mail of Music {rF+ rCorr Str-3 SInv}
   (You found it on level 2 of the Elven Halls)

   It affects your strength (-3).
   It protects you from fire.
   It lets you see invisible.
   It provides partial protection from all sources of acid and corrosion.
 k - the +2 helmet of Hepliaklqana's Favour (worn) {rF+ rN+ Int+3}
   (You found it in a Gauntlet)

   It affects your intelligence (+3).
   It protects you from fire.
   It protects you from negative energy.
 t - a +2 cloak of magic resistance (worn)
 M - the +1 pair of gloves "Taezounu" (worn) {MR++}
   (Okawaru gifted it to you on level 4 of the Spider Nest)

   It affects your resistance to hostile enchantments.
 T - the +5 shield of the Jackalope {rPois rF+ rC+}
   (You found it on level 13 of the Dungeon)

   It protects you from fire.
   It protects you from cold.
   It protects you from poison.
Jewellery
 c - the amulet of Oddoaxky {+Rage rElec}
   (You acquired it on level 1 of the Lair of Beasts)

   [amulet of rage]

   It insulates you from electricity.
   It lets you go berserk.
 m - the ring of Happiness {Ice Str+6}
   (You found it on level 1 of the Elven Halls)

   [ring of ice]

   It enhances your ice magic.
   It affects your strength (+6).
   It makes you vulnerable to fire.
   It protects you from cold.
 o - the ring of Luraadac (left hand) {Int+3 SInv}
   (You acquired it on level 2 of the Elven Halls)

   [ring of intelligence]

   It affects your intelligence (+3).
   It lets you see invisible.
 s - a ring of protection from cold (right hand)
 E - the amulet of Qyril (around neck) {Reflect +Inv rN+ SH+2}
   (You acquired it on level 2 of the Swamp)

   [amulet of reflection]

   It shields you and reflects attacks.
   It protects you from negative energy.
   It lets you turn invisible.
   It affects your SH (+2).
 K - an uncursed ring of resist corrosion
Wands
 r - a wand of paralysis (12)
 v - a wand of iceblast (16)
 y - a wand of acid (14)
 z - a wand of disintegration (13)
 O - a wand of clouds (10)
 P - a wand of scattershot (13)
 Q - a wand of digging (6)
Scrolls
 l - a scroll of enchant armour
 n - 12 scrolls of teleportation
 p - 8 scrolls of remove curse
 u - a scroll of identify
 C - 3 scrolls of fog
 F - 7 scrolls of blinking
 H - 3 scrolls of summoning
 I - 3 scrolls of magic mapping
 J - a scroll of silence
 L - 7 scrolls of fear
Potions
 e - a potion of resistance
 g - 3 potions of haste
 h - 8 potions of curing
 q - 7 potions of ambrosia
 x - a potion of heal wounds
 A - 3 potions of berserk rage
 D - 4 potions of cancellation
 G - 5 potions of agility
 X - 6 potions of might
 Z - 2 potions of invisibility
Comestibles
 f - 54 rations


   Skills:
 + Level 16.1 Fighting
 * Level 17.8 Maces & Flails
 + Level 16.0 Armour
 * Level 14.3 Dodging
 - Level 4.7 Stealth
 - Level 8.2 Shields
 - Level 3.6 Spellcasting
 - Level 4.9 Hexes
 - Level 10.0 Invocations
 + Level 7.7 Evocations


You had 20 spell levels left.
You knew the following spells:

 Your Spells              Type           Power        Failure   Level  Hunger
a - Confusing Touch       Hex            ####..       1%          1    None
b - Confuse               Hex            ####....     4%          3    ###....
c - Blink                 Tloc           N/A          19%         2    #......

Your spell library contained the following spells:

 Spells                   Type           Power        Failure   Level  Hunger
 Tukima's Dance           Hex            ####....     4%          3    ###....
 Animate Skeleton         Necr           N/A          13%         1    None
 Apportation              Tloc           #.....       13%         1    None
 Foxfire                  Conj/Fire      #...         13%         1    None
 Sandblast                Erth           #.....       13%         1    None
 Shock                    Conj/Air       #...         13%         1    None
 Summon Butterflies       Summ           #.......     13%         1    None
 Summon Small Mammal      Summ           #...         13%         1    None
 Dazzling Flash           Conj/Hex       ##....       14%         3    ###....
 Inner Flame              Hex/Fire       ##......     14%         3    ###....
 Summon Guardian Golem    Hex/Summ       ##......     14%         3    ###....
 Cause Fear               Hex            ####......   16%         4    ####...
 Call Imp                 Summ           #.......     19%         2    #......
 Passwall                 Tmut/Erth      #.......     19%         2    #......
 Shroud of Golubria       Chrm/Tloc      #.....       19%         2    #......
 Swiftness                Chrm/Air       #.......     19%         2    #......
 Call Canine Familiar     Summ           #.......     36%         3    ###....
 Conjure Flame            Conj/Fire      #.......     36%         3    ###....
 Gell's Gravitas          Tloc           #.........   36%         3    ###....
 Lesser Beckoning         Tloc           #.........   36%         3    ###....
 Static Discharge         Conj/Air       #.......     36%         3    ###....
 Stone Arrow              Conj/Erth      #.....       36%         3    ###....
 Teleport Other           Tloc           #.......     36%         3    ###....
 Airstrike                Air            #.........   77%         4    ####...
 Passage of Golubria      Tloc           N/A          77%         4    ####...
 Petrify                  Tmut/Erth      #.......     77%         4    ####...
 Sticky Flame             Conj/Fire      #.......     77%         4    ####...
 Summon Ice Beast         Ice/Summ       #.......     77%         4    ####...
 Summon Lightning Spire   Summ/Air       #.......     77%         4    ####...
 Metabolic Englaciation   Hex/Ice        ##........   77%         5    ######.
 Yara's Violent Unravell  Hex/Tmut       ##........   77%         5    ######.
 Darkness                 Hex            ####......   94%         6    #######
 Invisibility             Hex            ####....     94%         6    #######
 Alistair's Intoxication  Tmut/Pois      #.......     98%         5    ######.
 Fireball                 Conj/Fire      #.........   98%         5    ######.
 Irradiate                Conj/Tmut      #.........   98%         5    ######.
 Lee's Rapid Deconstruct  Erth           #.........   98%         5    ######.
 Lightning Bolt           Conj/Air       #.........   98%         5    ######.
 Hydra Form               Tmut           #.........   100%        6    #######
 Dragon Form              Tmut           #.........   100%        7    #######
 Statue Form              Tmut/Erth      Unusable     N/A         6    N/A

Dungeon Overview and Level Annotations

Branches:
Dungeon (15/15)            Temple (1/1) D:5            Lair (6/6) D:10
  Swamp (4/4) Lair:4       Spider (4/4) Lair:3        Slime (0/5) Lair:6
    Orc (2/2) D:10            Elf (2/3) Orc:2        Vaults (0/5) D:13
 Depths (0/5) D:15        Volcano (visited)         Gauntlet (visited)

Altars:
Ashenzari
Cheibriados
Dithmenos
Elyvilon
Fedhas
Gozag
Hepliaklqana
Kikubaaqudgha
Makhleb
Nemelex Xobeh
Okawaru
Qazlal
Ru
Sif Muna
Trog
Uskayaw
Vehumet
Wu Jian
Xom
Yredelemnul
Zin
The Shining One
Beogh
Jiyva

Shops:
D:7 (   D:11 [   D:13 :   D:15 (}(   Orc:2 *[[=   Elf:1 %   Elf:2 !?([

Portals:
Trove: D:14 (give horn of Geryon)


Innate Abilities, Weirdness & Mutations

You are resistant to torment.
Your stone body is resilient. (AC +15)
You are immune to poison.
Your large and strong wings let you fly indefinitely.
You resist negative energy. (rN+)
You are resistant to electric shocks. (rElec)
You can survive without breathing.
You are immune to petrification.
You are immune to rotting.
You have very sharp teeth.
You are partially covered in icy blue scales. (AC +2)
You are robust. (+10% HP)


Message History

The +2 vampiric war axe hits you but does no damage.
You thump the +2 vampiric war axe!
The +2 vampiric war axe explodes!
The fiery explosion engulfs you. You resist.
* * * LOW HITPOINT WARNING * * *
Okawaru accepts your kill.
Unknown command.
You start resting.
The +0 trident of distortion is engulfed in blazing flames.
The +0 trident of distortion misses you.
The +0 trident of distortion is engulfed in blazing flames.
The +0 trident of distortion hits you from afar!
* * * LOW HITPOINT WARNING * * *
Space warps horribly around you!
* * * LOW HITPOINT WARNING * * *
The +0 trident of distortion is engulfed in blazing flames.
The +0 trident of distortion hits you.
* * * LOW HITPOINT WARNING * * *
Space warps horribly around you!
You die...

)..)..............##
...(e...%..........
....(.%%..........##
...................#
........(.........#
.................#
........... #...##
#.......... ##.(.##
##......... ##@§.#
#.......... #.☼§##
........... #...##
...... .....#
..................
...................
..................##
.................##
.................#


You could see a +0 trident of distortion.

Vanquished Creatures
  An ancient lich (Abyss:3)
  the Lernaean hydra (Swamp:4)
  A bone dragon (Abyss:3)
  Arachne (Spider:3)
  Jorgrun (Elf:2)
  Frances (Spider:1)
  3 thorn hunters
  2 storm dragons (Elf:1)
  The ghost of grouchysmurf the Warrior, a journeyman HOSk of Gozag (Orc:1)
  Kirke (D:13)
  An iron dragon (Elf:1)
  2 orc warlords (Orc:1)
  5 ghost moths
  8 emperor scorpions
  A deep elf elementalist (Elf:1)
  A stone giant (Orc:2)
  5 entropy weavers
  2 deep elf demonologists (Elf:1)
  A minotaur (Gauntlet)
  A dire elephant (D:15)
  A spark wasp (Spider:4)
  Snorg (D:13)
  2 deep elf high priests (Elf:1)
  A great orb of eyes (D:15)
  A vault guard (D:13)
  Harold (D:7)
  25 hydras
  2 ice dragons (Elf:1)
  A shambling mangrove (Swamp:3)
  3 centaur warriors
  3 ghost crabs
  27 dancing weapons
  7 two-headed ogres
  7 death yaks
  Urug (Lair:3)
  2 tengu warriors (D:15)
  An ogre mage (D:15)
  6 alligators
  A sun demon (Volcano)
  17 deep elf knights
  4 orc high priests
  2 unseen horrors
  Sonja (Lair:1)
  14 swamp dragons
  2 wizards (Gauntlet)
  6 spriggan druids
  An orange crystal statue (Gauntlet)
  3 deep elf archers
  16 orb spiders
  5 orc knights
  34 deep elf magi
  24 ugly things
  23 wolf spiders
  A lindwurm (Orc:1)
  2 oklob plants
  5 orc sorcerers
  3 manticores
  A salamander (D:15)
  4 cyclopes
  2 moths of wrath
  6 molten gargoyles
  11 elephants
  9 black mambas
  Maurice (D:13)
  24 spiny frogs
  A guardian serpent (Lair:6)
  3 torpor snails
  2 kobold demonologists (D:7)
  2 centaur skeletons (D:15)
  17 demonic crawlers
  4 rime drakes
  7 komodo dragons
  An efreet (D:15)
  19 jumping spiders
  A merfolk (D:9)
  10 tyrant leeches
  4 trolls
  A polar bear (Lair:6)
  11 hornets
  7 slime creatures
  34 blink frogs
  7 raiju
  9 bog bodies
  9 hippogriffs
  7 dream sheep (Lair:6)
  4 spriggans
  3 air elementals
  2 shadows
  4 water elementals (Elf:1)
  88 redbacks
  A vampire (Swamp:1)
  38 tarantellas
  12 wyverns (Lair:6)
  Eustachio (D:5)
  3 fire elementals
  12 humans (D:13)
  2 basilisks
  5 hogs (D:13)
  25 yaks
  2 fire bats (Volcano)
  5 golden eyes (Abyss:3)
  4 hungry ghosts
  26 vampire mosquitoes
  3 steam dragons
  4 wargs (Orc:1)
  2 acid dragons
  21 insubstantial wisps
  18 swamp worms
  21 water moccasins
  5 porcupines
  39 orc warriors
  10 swamp drakes
  2 hell hounds (Volcano)
  3 ice beasts
  A sky beast (D:10)
  Purgy (D:3)
  14 ogres
  4 phantoms
  An eye of draining (D:14)
  14 wolves
  14 centaurs
  7 crocodiles
  2 big kobolds
  2 gnoll sergeants
  17 bullfrogs
  A wyvern zombie (D:13)
  2 earth elementals
  2 wyvern skeletons (D:11)
  2 small abominations (Abyss:3)
  7 scorpions
  A hornet simulacrum (D:15)
  4 wights (D:9)
  3 electric eels
  6 lava snakes
  4 crimson imps
  7 centaur zombies
  5 jellies
  33 orc priests
  2 bullfrog skeletons
  7 hounds
  46 orc wizards
  6 iguanas
  7 worker ants
  A killer bee zombie (D:8)
  A hound zombie (D:11)
  Robin (D:3)
  A howler monkey zombie (D:7)
  15 adders
  8 gnolls
  8 shadow imps
  2 white imps (Gauntlet)
  An ufetubus (Abyss:3)
  An ooze (D:3)
  An adder zombie (D:9)
  2 adder skeletons
  10 worms
  9 leopard geckos
  116 orcs
  5 giant cockroaches
  11 goblins
  6 hobgoblins
  16 jackals
  19 kobolds
  11 quokkas
  2 ball pythons
  8 bats
  5 frilled lizards
  A jackal skeleton (D:5)
  A leopard gecko zombie (D:5)
  3 rats
  23 briar patches
  5 bushes (Lair:6)
  2 fungi (Lair:6)
  5 plants
1397 creatures vanquished.

Vanquished Creatures (others)
  A ghost moth (Spider:4)
  An orb spider (Spider:1)
  A demonic crawler (Spider:3)
  A human (D:13)
  An adder skeleton (D:9)
  2 briar patches
  14 demonic plants (Gauntlet)
  2 fungi
  9 plants
32 creatures vanquished.

Grand Total: 1429 creatures vanquished

Notes
Turn   | Place    | Note
-------+----------+-------------------------------------------
     0 | D:1      | Borgoz the Gargoyle Fighter began the quest for the Orb.
     0 | D:1      | Reached XP level 1. HP: 14/14 MP: 1/1
   111 | D:1      | Reached XP level 2. HP: 17/19 MP: 2/2
   473 | D:1      | Reached XP level 3. HP: 19/23 MP: 3/3
   943 | D:2      | Reached skill level 1 in Dodging
   943 | D:2      | Reached XP level 4. HP: 17/29 MP: 4/4
   986 | D:2      | Reached skill level 3 in Maces & Flails
  1080 | D:2      | Found a hazy altar of Hepliaklqana.
  1473 | D:3      | Reached XP level 5. HP: 23/33 MP: 5/5
  1673 | D:3      | Found a blossoming altar of Fedhas.
  1908 | D:3      | Noticed Robin
  1908 | D:3      | Noticed Purgy
  1959 | D:3      | Killed Robin
  1986 | D:3      | HP: 1/33 [Purgy (4)]
  1999 | D:3      | Gained mutation: You are frail. (-10% HP) [potion of
                  | mutation]
  1999 | D:3      | Gained mutation: You have a pair of small horns on your
                  | head. [potion of mutation]
  1999 | D:3      | Gained mutation: You have very sharp teeth. [potion of
                  | mutation]
  2011 | D:3      | Killed Purgy
  2011 | D:3      | Reached skill level 4 in Maces & Flails
  2011 | D:3      | Reached XP level 6. HP: 6/34 MP: 6/6
  2972 | D:4      | Reached XP level 7. HP: 35/39 MP: 7/7
  3248 | D:4      | Reached skill level 5 in Maces & Flails
  3679 | D:5      | Entered Level 5 of the Dungeon
  3679 | D:5      | Noticed Eustachio
  3700 | D:5      | HP: 1/39 [river rat[Eustachio] (4)]
  3709 | D:5      | Killed Eustachio
  3709 | D:5      | Reached skill level 5 in Fighting
  3709 | D:5      | Reached skill level 5 in Armour
  3734 | D:5      | Lost mutation: You have a pair of small horns on your head.
                  | [potion of mutation]
  3734 | D:5      | Lost mutation: You are frail. (-10% HP) [potion of
                  | mutation]
  3734 | D:5      | Gained mutation: You are robust. (+10% HP) [potion of
                  | mutation]
  3734 | D:5      | Gained mutation: You are partially covered in icy blue
                  | scales. (AC +2) [potion of mutation]
  3743 | D:5      | Found the +4 moon troll leather armour {Spirit, Regen++
                  | MP+5}
  3751 | D:5      | Reached skill level 5 in Shields
  3762 | D:5      | Reached XP level 8. HP: 33/53 MP: 8/8
  4070 | D:5      | Found a staircase to the Ecumenical Temple.
  4084 | Temple   | Entered the Ecumenical Temple
  4261 | Temple   | Became a worshipper of Warmaster Okawaru
  4421 | D:5      | Found a glowing golden altar of the Shining One.
  4518 | D:5      | Reached skill level 6 in Maces & Flails
  4733 | D:6      | Found an ancient bone altar of Kikubaaqudgha.
  5433 | D:6      | Found a sparkling altar of Nemelex Xobeh.
  5562 | D:7      | Noticed a hippogriff
  5573 | D:7      | Killed a hippogriff
  5573 | D:7      | Reached * piety under Okawaru
  5573 | D:7      | Reached XP level 9. HP: 60/60 MP: 9/9
  5622 | D:7      | Reached skill level 7 in Maces & Flails
  5703 | D:7      | Found a transporter.
  5735 | D:7      | Noticed a kobold demonologist
  5742 | D:7      | Noticed a kobold demonologist
  5747 | D:7      | Found a transporter.
  5771 | D:7      | Noticed an orc sorcerer
  5826 | D:7      | Reached skill level 1 in Invocations
  5839 | D:7      | Found Haruhergh's Weapon Shoppe.
  5888 | D:7      | Found a snail-covered altar of Cheibriados.
  5898 | D:7      | Reached ** piety under Okawaru
  6234 | D:7      | Noticed Harold
  6262 | D:7      | Killed Harold
  6262 | D:7      | Reached *** piety under Okawaru
  6262 | D:7      | Reached skill level 8 in Maces & Flails
  6262 | D:7      | Reached XP level 10. HP: 66/69 MP: 12/12
  6337 | D:8      | Noticed a two-headed ogre
  6357 | D:8      | Killed a two-headed ogre
  6357 | D:8      | Reached **** piety under Okawaru
  6413 | D:8      | Received a gift from Okawaru
  6916 | D:8      | Reached skill level 9 in Maces & Flails
  6928 | D:8      | Found a stormy altar of Qazlal.
  7289 | D:9      | Noticed a molten gargoyle
  7313 | D:9      | Noticed a two-headed ogre
  7324 | D:9      | Noticed a molten gargoyle
  7326 | D:9      | Killed a molten gargoyle
  7326 | D:9      | Reached skill level 5 in Dodging
  7328 | D:9      | Noticed a molten gargoyle
  7342 | D:9      | Killed a two-headed ogre
  7342 | D:9      | Reached ***** piety under Okawaru
  7362 | D:8      | Killed a molten gargoyle
  7362 | D:8      | Reached XP level 11. HP: 46/74 MP: 4/14
  7973 | D:9      | Reached skill level 5 in Invocations
  8532 | D:10     | Entered Level 10 of the Dungeon
  8544 | D:10     | Found a staircase to the Orcish Mines.
  8557 | D:10     | Found a staircase to the Lair.
  8595 | D:10     | Found a shimmering blue altar of Sif Muna.
  8624 | D:10     | Got a shimmering leather armour
  8627 | D:10     | Identified the +5 leather armour "Enababat" {MR- Str+4
                  | Dex+4} (You found it on level 10 of the Dungeon)
  8689 | D:10     | Reached skill level 10 in Maces & Flails
  9129 | D:10     | Reached skill level 1 in Evocations
  9491 | D:11     | Received a gift from Okawaru
  9499 | D:11     | Got a brightly glowing eveningstar {god gift}
  9500 | D:11     | Identified the +6 eveningstar "Hiunyuf" {crush, *Rage rPois
                  | rN+ Dex+7} (Okawaru gifted it to you on level 11 of the
                  | Dungeon)
  9750 | D:11     | Noticed a white ugly thing
  9954 | D:11     | You fall into a shaft and drop 2 floors!
  9954 | D:13     | Noticed a cyclops
  9954 | D:13     | Noticed Maurice
  9962 | D:13     | Killed a cyclops
  9966 | D:13     | Killed Maurice
  9990 | D:13     | Noticed a centaur warrior
 10002 | D:13     | Killed a centaur warrior
 10013 | D:13     | Reached XP level 12. HP: 81/82 MP: 15/15
 10073 | D:13     | Noticed Snorg
 10080 | D:13     | Killed Snorg
 10139 | D:13     | Reached ****** piety under Okawaru
 10212 | D:12     | Found a gate leading to a gauntlet.
 10466 | Gauntlet | Entered a Gauntlet
 10466 | Gauntlet | Found a transporter.
 10466 | Gauntlet | Found a transporter.
 10466 | Gauntlet | Found a transporter.
 10467 | Gauntlet | Found a transporter.
 10470 | Gauntlet | Found a transporter.
 10470 | Gauntlet | Found a transporter.
 10485 | Gauntlet | Found a transporter.
 10485 | Gauntlet | Found a transporter.
 10485 | Gauntlet | Noticed a balrug
 10489 | Gauntlet | Found a transporter.
 10489 | Gauntlet | Found a transporter.
 10500 | Gauntlet | Found a transporter.
 10508 | Gauntlet | Found a transporter.
 10731 | Gauntlet | Reached skill level 11 in Maces & Flails
 10851 | Gauntlet | Got an ancient helmet
 10863 | Gauntlet | Identified the +2 helmet of Hepliaklqana's Favour {rF+ rN+
                  | Int+3} (You found it in a Gauntlet)
 10993 | Gauntlet | Noticed a minotaur
 11012 | Gauntlet | Killed a minotaur
 11012 | Gauntlet | Received a gift from Okawaru
 11013 | Gauntlet | Found the +7 great mace "Firestarter" {inner flame, rF++}
 11020 | Gauntlet | Identified the Compendium of Hexes
 11229 | D:11     | Found Plog's Armour Boutique.
 12387 | D:13     | Noticed Kirke
 12388 | D:13     | Noticed a vault guard
 12393 | D:13     | Killed a vault guard
 12397 | D:13     | Killed Kirke
 12397 | D:13     | Received a gift from Okawaru
 12402 | D:13     | Reached XP level 13. HP: 90/90 MP: 16/16
 12444 | D:13     | Got a transparent shield
 12446 | D:13     | Found a gate to the Vaults.
 12461 | D:13     | Got a scorched great mace
 12500 | D:13     | Identified the +4 great mace "Mecivise" {flame, Int+4} (You
                  | found it on level 13 of the Dungeon)
 12678 | D:13     | Found Plog's Book Emporium.
 12687 | D:13     | Bought a book of Misfortune for 220 gold pieces
 12689 | D:13     | Learned a level 1 spell: Confusing Touch
 12693 | D:13     | Learned a level 3 spell: Confuse
 13062 | D:14     | Reached skill level 10 in Armour
 13086 | D:14     | Reached skill level 10 in Fighting
 13086 | D:14     | Reached skill level 12 in Maces & Flails
 13097 | D:14     | Reached skill level 1 in Stealth
 13220 | D:14     | Received a gift from Okawaru
 13227 | D:14     | Reached skill level 1 in Spellcasting
 13227 | D:14     | Reached skill level 1 in Hexes
 13228 | D:14     | Received a gift from Okawaru
 13229 | D:14     | Got a brightly glowing ring mail {god gift}
 13434 | D:14     | Found a portal to a secret trove of treasure.
 13977 | D:15     | Entered Level 15 of the Dungeon
 13981 | D:15     | Found Wewi's Antique Weapon Emporium.
 13983 | D:15     | Found Anurgh's Gadget Emporium.
 13984 | D:15     | Found a sparkling altar of Nemelex Xobeh.
 14039 | D:15     | Received a gift from Okawaru
 14047 | D:15     | Gained mutation: Your large and strong wings let you fly
                  | indefinitely. [Gargoyle growth]
 14047 | D:15     | Reached XP level 14. HP: 57/96 MP: 12/17
 14107 | D:15     | Noticed a dire elephant
 14114 | D:15     | Killed a dire elephant
 14278 | D:15     | Identified a scroll of acquirement
 14293 | D:15     | Identified the +5 ring mail "Dacwal" {rElec SInv} (Okawaru
                  | gifted it to you on level 14 of the Dungeon)
 14439 | D:15     | Found Giar's Antique Weapon Emporium.
 14715 | D:15     | Found a staircase to the Depths.
 15284 | Lair:1   | Entered Level 1 of the Lair of Beasts
 15433 | Lair:1   | Reached skill level 13 in Maces & Flails
 15832 | Lair:1   | Noticed Sonja
 15845 | Lair:1   | Killed Sonja
 15854 | Lair:1   | Received a gift from Okawaru
 15855 | Lair:1   | Got a distressingly furry plate armour {god gift}
 15866 | Lair:1   | Identified the +0 plate armour "Odotawom" {rElec MR++ Str-4
                  | Int+8} (Okawaru gifted it to you on level 1 of the Lair of
                  | Beasts)
 16489 | Lair:1   | Identified the +5 shield of the Jackalope {rPois rF+ rC+}
                  | (You found it on level 13 of the Dungeon)
 16546 | Lair:1   | Got a transparent steel amulet
 16548 | Lair:1   | Identified the amulet of Oddoaxky {+Rage rElec} (You
                  | acquired it on level 1 of the Lair of Beasts)
 16759 | Lair:2   | Found a shadowy altar of Dithmenos.
 17691 | Lair:3   | Noticed Urug
 17702 | Lair:3   | Killed Urug
 17985 | Lair:3   | Reached XP level 15. HP: 99/105 MP: 20/20
 18115 | Lair:3   | You are sucked into a shaft and drop 2 floors!
 18319 | Lair:5   | Reached skill level 10 in Dodging
 18458 | Lair:5   | Reached skill level 5 in Evocations
 18713 | Lair:3   | Found a hole to the Spider Nest.
 19322 | Lair:4   | Found a staircase to the Swamp.
 20016 | Lair:6   | Entered Level 6 of the Lair of Beasts
 20035 | Lair:6   | Received a gift from Okawaru
 20319 | Lair:6   | Received a gift from Okawaru
 20716 | Lair:6   | Found a staircase to the Slime Pits.
 20717 | Lair:6   | Found a viscous altar of Jiyva.
 20766 | Lair:6   | Reached XP level 16. HP: 90/113 MP: 21/21
 20774 | Lair:6   | Reached skill level 14 in Maces & Flails
 21486 | Orc:1    | Entered Level 1 of the Orcish Mines
 21689 | Orc:1    | Found a dark tunnel.
 21698 | Volcano  | Entered a volcano
 21849 | Volcano  | Found a radiant altar of Vehumet.
 22491 | Orc:1    | Found a roughly hewn altar of Beogh.
 22702 | Orc:1    | Found a runed translucent door.
 22703 | Orc:1    | Noticed grouchysmurf's ghost (journeyman HOSk)
 22897 | Orc:1    | Killed grouchysmurf's ghost
 22904 | Orc:1    | Got a steaming robe
 22930 | Orc:1    | Identified the +0 robe of Binnank {-Tele rElec rPois Str+3}
                  | (You found it on level 1 of the Orcish Mines)
 22976 | Orc:2    | Entered Level 2 of the Orcish Mines
 22976 | Orc:2    | Found a staircase to the Elven Halls.
 23490 | Orc:2    | Received a gift from Okawaru
 23645 | Orc:2    | Found a roughly hewn altar of Beogh.
 23692 | Orc:2    | Found Vepruer's Jewellery Shop.
 23692 | Orc:2    | Found Toruamic's Assorted Antiques.
 23698 | Orc:2    | Found Ruvavvic's Antique Armour Shop.
 23698 | Orc:2    | Found Roul's Antique Armour Emporium.
 23728 | Orc:2    | Bought a bronze plate armour for 672 gold pieces
 23728 | Orc:2    | Bought a spiked ring mail for 216 gold pieces
 23732 | Orc:2    | Bought a potion of heal wounds for 140 gold pieces
 23732 | Orc:2    | Bought a potion of haste for 280 gold pieces
 23743 | Orc:2    | Identified the +7 plate armour "Caygroih" {rElec rCorr
                  | Int-4} (You bought it in a shop on level 2 of the Orcish
                  | Mines)
 23753 | Orc:2    | Identified the +5 ring mail "Jihoaph" {rN++} (You bought it
                  | in a shop on level 2 of the Orcish Mines)
 23764 | Orc:2    | Bought a scroll of summoning for 266 gold pieces
 23769 | Orc:2    | Bought an uncursed ring of resist corrosion for 280 gold
                  | pieces
 23977 | Orc:2    | Got a pair of fine boots {god gift}
 23989 | Orc:2    | Identified the +0 pair of boots of the Hart {*Contam rN+
                  | rCorr Int+7} (Okawaru gifted it to you on level 2 of the
                  | Orcish Mines)
 24182 | Swamp:1  | Entered Level 1 of the Swamp
 25237 | Swamp:2  | Noticed a thorn hunter
 25245 | Swamp:2  | Killed a thorn hunter
 25301 | Swamp:2  | Got a flickering steel amulet
 25303 | Swamp:2  | Identified the amulet of Qyril {Reflect +Inv rN+ SH+2} (You
                  | acquired it on level 2 of the Swamp)
 25553 | Swamp:2  | Reached XP level 17. HP: 94/121 MP: 21/22
 25686 | Swamp:2  | Received a gift from Okawaru
 26098 | Swamp:3  | Reached skill level 15 in Maces & Flails
 26751 | Swamp:4  | Entered Level 4 of the Swamp
 26890 | Swamp:4  | Received a gift from Okawaru
 26897 | Swamp:4  | Noticed the 27-headed Lernaean hydra
 27326 | Swamp:4  | Killed the 27-headed Lernaean hydra
 27658 | Swamp:4  | Got a decaying rune of Zot
 28157 | Spider:1 | Entered Level 1 of the Spider Nest
 28246 | Spider:1 | Noticed Frances
 28255 | Spider:1 | Killed Frances
 28255 | Spider:1 | Reached XP level 18. HP: 84/128 MP: 15/24
 28266 | Spider:1 | Received a gift from Okawaru
 28527 | Orc:2    | Bought an uncursed ring of protection from cold for 350
                  | gold pieces
 30049 | Spider:2 | Reached skill level 16 in Maces & Flails
 30622 | Spider:3 | Noticed Arachne
 30635 | Spider:3 | Killed Arachne
 30748 | Spider:3 | Reached skill level 15 in Fighting
 30765 | Spider:3 | Reached skill level 15 in Armour
 30807 | Spider:3 | Received a gift from Okawaru
 31151 | Spider:3 | Found a runed translucent door.
 31368 | Spider:3 | Reached skill level 10 in Invocations
 31624 | Spider:4 | Entered Level 4 of the Spider Nest
 31676 | Spider:4 | Received a gift from Okawaru
 31690 | Spider:4 | Got a pair of warped gloves {god gift}
 31691 | Spider:4 | Identified the +1 pair of gloves "Taezounu" {MR++} (Okawaru
                  | gifted it to you on level 4 of the Spider Nest)
 31717 | Spider:4 | Learned a level 2 spell: Blink
 32008 | Spider:4 | Reached XP level 19. HP: 136/136 MP: 26/26
 32082 | Spider:4 | HP: 6/136 [wolf spider/exploding inner flame[the player
                  | character] (8)]
 32547 | Spider:4 | Got a gossamer rune of Zot
 32807 | Swamp:1  | Got a transparent leather armour
 32969 | Lair:1   | Identified the +3 leather armour of Snakes and Ladders
                  | {+Fly Regen+ MP-9} (You found it on level 1 of the Swamp)
 33035 | Elf:1    | Entered Level 1 of the Elven Halls
 33095 | Elf:1    | Found Istryizua's Food Shoppe.
 33113 | Elf:1    | Found the +8 arc blade {discharge, rElec}
 33129 | Elf:1    | Reached skill level 17 in Maces & Flails
 33304 | Elf:1    | Received a gift from Okawaru
 33389 | Elf:1    | Got a heavily runed granite ring
 33390 | Elf:1    | Identified the ring of Happiness {Ice Str+6} (You found it
                  | on level 1 of the Elven Halls)
 33983 | Elf:1    | Noticed an Ice Fiend
 33983 | Elf:1    | Found a runed translucent gate.
 33983 | Elf:1    | Found a runed translucent gate.
 33983 | Elf:1    | Found a runed translucent gate.
 33983 | Elf:1    | Found a runed translucent gate.
 33983 | Elf:1    | Found a runed translucent gate.
 34002 | Elf:1    | Found a runed translucent gate.
 34528 | Elf:2    | Found Hadan Qenask's Weapon Shoppe.
 34562 | Elf:2    | Got an encrusted ring mail
 34588 | Elf:2    | Identified the cursed +1 ring mail of Music {rF+ rCorr
                  | Str-3 SInv} (You found it on level 2 of the Elven Halls)
 34731 | Elf:2    | Found Notaod Ryhe's Magic Scroll Shop.
 34737 | Elf:2    | Bought a scroll of teleportation for 36 gold pieces
 34817 | Elf:2    | Found Cethita's Distillery.
 34827 | Elf:2    | Bought a potion of ambrosia for 96 gold pieces
 34827 | Elf:2    | Bought a potion of might for 48 gold pieces
 34827 | Elf:2    | Bought a potion of might for 48 gold pieces
 34827 | Elf:2    | Bought a potion of agility for 48 gold pieces
 34994 | Elf:2    | Found a runed translucent gate.
 34994 | Elf:2    | Found a runed translucent gate.
 34994 | Elf:2    | Found a runed translucent gate.
 35018 | Elf:2    | Found Biqyno's Armour Shop.
 35162 | Elf:2    | Noticed Jorgrun
 35165 | Elf:2    | Reached XP level 20. HP: 100/144 MP: 23/27
 35176 | Elf:2    | Killed Jorgrun
 35183 | Elf:2    | Received a gift from Okawaru
 35311 | Elf:2    | Got a slimy bronze ring
 35312 | Elf:2    | Identified the ring of Luraadac {Int+3 SInv} (You acquired
                  | it on level 2 of the Elven Halls)
 35372 | Elf:2    | Cast into level 3 of the Abyss (+0 trident of distortion)
 35439 | Abyss:3  | Noticed an ancient lich
 35450 | Abyss:3  | Noticed a bone dragon
 35451 | Abyss:3  | Killed an ancient lich
 35467 | Abyss:3  | Killed a bone dragon
 35487 | Elf:2    | Escaped the Abyss
 35543 | Elf:2    | Slain by a +0 trident of distortion

Levels and vault maps discovered:
D:1:      minmay_arrival_five_plusses, layout_basic
D:2:      layout_basic, nicolae_overflow_crystal_walls
D:3:      layout_basic, marbit_many_paths, first_ration, uniq_robin, uniq_purgy
D:4:      layout_loops_ring, serial_bayou_pond_d
D:5:      layout_rooms, nicolae_tso_swordbearing_angel,
          minmay_temple_entry_statues_pillars, uniq_eustachio
D:6:      layout_gridville, kennysheep_mini, basic_altar
D:7:      gammafunk_wand_slinger, layout_loops_ring, slow_altar_1, serial_shops,
          shop, uniq_harold
D:8:      layout_gridville, kennysheep_mini_moat, kennysheep_generic_room_13
D:9:      layout_gridville, hangedman_fish_farm, minivault_8
D:10:     layout_basic, lair_entry_dummy, orc_0_dummy, basic_altar,
          nrook_mini_backslash
D:11:     layout_stronghold, serial_shops, shop, nooodl_food_tri
D:12:     layout_stronghold, gauntlet_entry_generic
D:13:     layout_stronghold, ximxim_vaults_locker_room, serial_shops, shop,
          library_closet, uniq_snorg, uniq_kirke, uniq_maurice
D:14:     layout_loops_corners, enter_trove_3, solitary_fountain,
          minivault_25_ag, ebering_dispersal_statue_hall
D:15:     hangedman_depths_entry_try_elsewhere_first, layout_loops_ring,
          serial_shops, nicolae_shop_temple_entry_statues_fountains, shop,
          nicolae_shop_overgrown_old_shop, nemelex_xobeh_ov_fountains_minmay
Temple:   regret_index_temple_sphere_string
Lair:1:   layout_layer_cave, infiniplex_staircase_pool, uniq_sonja
Lair:2:   layout_cave_shapes, chequers_serial_rivers_large_b,
          grunt_forest_stairs_basic, lemuel_oklob_altar
Lair:3:   layout_small_grid, nicolae_spider_entry_non_spiders, uniq_urug
Lair:4:   layout_big_grid, nicolae_swamp_entry_splash_gauntlet
Lair:5:   layout_long_grid, grunt_megastairs_3
Lair:6:   hangedman_lair_tendril_chambers, layout_regular_city, slime_altar_1,
          minmay_lair_oklob_bushes
Swamp:1:  layout_basic_swamp, evilmike_swamp_ruin_house_4, swamp_pool2,
          cheibrodos_swamp_pet_leeches
Swamp:2:  layout_falls_marsh, evilmike_swamp_ruin_wall
Swamp:3:  layout_basic_swamp, evilmike_swamp_ruin_rubble_2, swamp_pool2
Swamp:4:  swamp_old_school, layout_basic_swamp, swamp_pool1
Spider:1: layout_spider_delve, drop_trap, uniq_frances
Spider:2: layout_spider_delve
Spider:3: cheibrodos_spider_deadly_dance, uniq_arachne
Spider:4: grunt_spider_rune_circles
Orc:1:    nicolae_orc_accident_2, layout_caves, nicolae_volcano_entry_vermiform,
          ebering_ghost_reflecting_pool
Orc:2:    grunt_orc_tribal_feast, layout_caves, minmay_orc_temple_a
Elf:1:    minmay_shoctagon, layout_gridlike, serial_shops,
          nicolae_shop_window_shopping, orc_legates, grunt_megastairs_4
Elf:2:    layout_loops_cross, serial_shops, shop, shop, shop, shop_scrolls,
          uniq_jorgrun

Skill      XL: |  1  2  3  4  5  6  7  8  9 10 11 12 13 14 15 16 17 18 19 20 |
---------------+-------------------------------------------------------------+-----
Dodging        | 1 2 3 4 5 6 7 9 10 11 12 13 14 | 14.3
Maces & Flails | 3 4 5 6 8 9 10 11 12 13 14 15 16 17 | 17.8
Fighting       | 4 5 6 7 8 9 10 11 12 13 14 15 16 | 16.1
Shields        | 4 5 6 7 8 |  8.2
Armour         | 4 5 6 7 8 9 10 11 12 13 14 15 16 | 16.0
Invocations    | 2 4 5 6 7 9 10 | 10.0
Evocations     | 2 4 5 7 |  7.7
Stealth        | 3 4 |  4.7
Spellcasting   | 2 3 |  3.6
Hexes          | 2 3 4 |  4.9

Action                   |  1- 3 |  4- 6 |  7- 9 | 10-12 | 13-15 | 16-18 | 19-21 || total
-------------------------+-------+-------+-------+-------+-------+-------+-------++-------
Melee: Flail             |   110 |   326 |   242 |       |       |       |       ||   678
       Headbutt          |       |    12 |    17 |       |       |       |       ||    29
       Bite              |       |     6 |    56 |   105 |    86 |   149 |    63 ||   465
       Mace              |       |       |   187 |   541 |       |       |       ||   728
       Dire flail        |       |       |       |   280 |       |       |       ||   280
       Eveningstar       |       |       |       |    30 |       |       |    28 ||    58
       Great mace        |       |       |       |    50 |   612 |  1072 |   464 ||  2198
Throw: Throwing net      |       |       |       |     3 |       |       |       ||     3
Invok: Heroism           |       |       |       |       |       |     2 |     1 ||     3
       Finesse           |       |       |       |       |       |       |     1 ||     1
 Abil: Fly               |       |       |       |       |     1 |       |       ||     1
       Evoke Berserk Rag |       |       |       |       |       |     1 |     2 ||     3
Evoke: Wand              |       |       |       |     5 |     6 |       |       ||    11
  Use: Scroll            |     3 |       |     2 |    11 |     6 |    21 |    10 ||    53
       Potion            |       |     5 |     4 |     3 |     2 |     2 |     3 ||    19
 Stab: Sleeping          |       |       |       |     5 |    11 |     8 |     4 ||    28
       Paralysed         |       |       |       |     3 |       |       |       ||     3
       Held in net/web   |       |       |       |     1 |       |     1 |       ||     2
       Distracted        |       |       |       |       |       |     4 |     1 ||     5
       Invisible         |       |       |       |       |       |     1 |       ||     1
  Eat: Chunk             |       |    23 |    24 |    32 |    40 |    26 |     6 ||   151
       Ration            |       |       |     1 |       |       |     2 |     2 ||     5
Armor: Scale mail        |    89 |   204 |   129 |       |       |       |       ||   422
       Skin              |       |    14 |       |       |       |       |       ||    14
       Troll leather arm |       |       |   149 |   507 |   436 |   956 |   395 ||  2443
Dodge: Dodged            |    35 |   144 |   240 |   559 |   516 |  1267 |   496 ||  3257
Block: Shield            |    88 |   190 |   286 |   318 |       |       |    26 ||   908
       Other             |       |       |       |       |       |    38 |    35 ||    73

Table legend:
 A = Non-vault XP
 B = Vault XP
 C = Vault XP percentage of total XP
 D = Non-vault monster count
 E = Vault monster count
 F = Vault count percentage of total count
                 A         B        C        D         E       F
            +---------+---------+-------+---------+---------+-------
      Total |  274411 |  156078 |  36.3 |    1023 |     340 |  24.9
            +---------+---------+-------+---------+---------+-------
        D:1 |      40 |       0 |   0.0 |      17 |       0 |   0.0
        D:2 |     105 |       0 |   0.0 |      14 |       0 |   0.0
        D:3 |     101 |     178 |  63.8 |      26 |      13 |  33.3
        D:4 |     524 |       0 |   0.0 |      21 |       0 |   0.0
        D:5 |     642 |     202 |  23.9 |      20 |       1 |   4.8
        D:6 |     399 |       0 |   0.0 |      13 |       0 |   0.0
        D:7 |    1668 |    2542 |  60.4 |      30 |      12 |  28.6
        D:8 |    2513 |     281 |  10.1 |      25 |       1 |   3.8
        D:9 |    3305 |    1612 |  32.8 |      49 |       4 |   7.5
       D:10 |    2292 |       0 |   0.0 |      40 |       0 |   0.0
       D:11 |    3831 |      62 |   1.6 |      36 |       4 |  10.0
       D:12 |     778 |       0 |   0.0 |       5 |       0 |   0.0
       D:13 |    3868 |    7613 |  66.3 |      23 |      20 |  46.5
       D:14 |   15961 |       0 |   0.0 |      37 |       0 |   0.0
       D:15 |   13451 |    3381 |  20.1 |      33 |       4 |  10.8
     Lair:1 |    6143 |     775 |  11.2 |      17 |       1 |   5.6
     Lair:2 |    4402 |     572 |  11.5 |      18 |       1 |   5.3
     Lair:3 |    6662 |    1242 |  15.7 |      33 |       9 |  21.4
     Lair:4 |    4123 |    1250 |  23.3 |      17 |       7 |  29.2
     Lair:5 |   11190 |     476 |   4.1 |      34 |       1 |   2.9
     Lair:6 |   16801 |   10500 |  38.5 |      46 |      38 |  45.2
    Swamp:1 |   12317 |     509 |   4.0 |      39 |       2 |   4.9
    Swamp:2 |   14562 |       0 |   0.0 |      31 |       0 |   0.0
    Swamp:3 |   19302 |       0 |   0.0 |      42 |       0 |   0.0
    Swamp:4 |   10204 |   21406 |  67.7 |      27 |      25 |  48.1
   Spider:1 |   17745 |    2365 |  11.8 |      47 |       1 |   2.1
   Spider:2 |   12985 |       0 |   0.0 |      40 |       0 |   0.0
   Spider:3 |   16436 |   11886 |  42.0 |      40 |      18 |  31.0
   Spider:4 |   18092 |   25558 |  58.6 |      44 |      43 |  49.4
      Orc:1 |    6540 |    2848 |  30.3 |      63 |       7 |  10.0
      Orc:2 |    2997 |    7810 |  72.3 |      34 |      37 |  52.1
      Elf:1 |   14374 |   23669 |  62.2 |      25 |      42 |  62.7
      Elf:2 |   15961 |   21130 |  57.0 |      27 |      24 |  47.1
    Abyss:3 |   14097 |       0 |   0.0 |      10 |       0 |   0.0
    Volcano |       0 |    4295 | 100.0 |       0 |      15 | 100.0
   Gauntlet |       0 |    3916 | 100.0 |       0 |      10 | 100.0
            +---------+---------+-------+---------+---------+-------
